[Event "EYCC 2017"]
[Site "Mamaia"]
[Date "2017.09.06"]
[Round "2"]
[White "Henderson de La Fuente, Lance"]
[Black "Suvorov, Alexander"]
[Result "1-0"]
[ECO "B12"]
[WhiteElo "2408"]
[BlackElo "2157"]
[Annotator "NA"]
[PlyCount "79"]
[EventDate "2017.??.??"]
[EventType "swiss"]
[EventCountry "ROU"]
[SourceTitle "playchess.com"]
[Source "ChessBase"]
[SourceQuality "1"]
[TimeControl "40/5400+30:1800+30"]

1. e4 c6 2. d4 d5 3. e5 Bf5 4. h4 h5 5. Bd3 Bxd3 6. Qxd3 e6 7. Bg5 Qb6 8. Nd2 Nh6 9. Ne2 Nf5 10. O-O Nd7 11. c4 dxc4 12. Nxc4 Qc7 13. Ng3 Nxg3 14. fxg3 Nb6 15. Nxb6 axb6 16. Qf3 g6 17. a3 Bg7 18. Rf2 Ra5 19. Raf1 Rf8 20. g4 hxg4 21. Qxg4 Rd5 22. Be3 c5 23. Rxf7 Qxf7 24. Rxf7 Kxf7 25. h5 g5 26. Qxg5 Bh8 27. Qg6+ Ke7 28. Bh6 Rf7 29. Bg5+ Kf8 30. Qxe6 Rxd4 31. Qc8+ Kg7 32. Bf6+ Rxf6 33. exf6+ Kh7 34. Qf5+ Kg8 35. f7+ Kf8 36. Qh7 Rd1+ 37. Kf2 Rd2+ 38. Ke3 Rxg2 39. Qxh8+ Kxf7 40. Qh7+ 1-0

[Event "EYCC 2017"]
[Site "Mamaia"]
[Date "2017.09.06"]
[Round "2"]
[White "Haria, Ravi"]
[Black "Haring, Viktor"]
[Result "1/2-1/2"]
[ECO "B40"]
[WhiteElo "2398"]
[BlackElo "2297"]
[Annotator "NA"]
[PlyCount "123"]
[EventDate "2017.??.??"]
[EventType "swiss"]
[EventCountry "ROU"]
[SourceTitle "playchess.com"]
[Source "ChessBase"]
[SourceQuality "1"]
[TimeControl "40/5400+30:1800+30"]

1. e4 c5 2. Nf3 e6 3. c3 Nf6 4. e5 Nd5 5. d4 cxd4 6. cxd4 d6 7. Bc4 Nb6 8. Bb3 dxe5 9. Nxe5 Nc6 10. Nxc6 bxc6 11. O-O Be7 12. Nc3 O-O 13. Ne4 Ba6 14. Re1 Bc4 15. Bc2 f5 16. Nc5 Bxc5 17. dxc5 Qxd1 18. Rxd1 Nd5 19. Rd4 Ba6 20. Bb3 Kh8 21. Rd1 h6 22. Bd2 Rad8 23. Ba5 Rd7 24. Rd2 Rb7 25. Re1 Rb5 26. Bxd5 exd5 27. Bc7 Rb7 28. Bd6 Rff7 29. f3 Kh7 30. b3 Rbd7 31. Kf2 f4 32. Rd4 g5 33. Re6 Rd8 34. h4 Bc8 35. Re5 Rg8 36. hxg5 hxg5 37. g4 fxg3+ 38. Kxg3 Kg6 39. Be7 Rf5 40. Rxf5 Kxf5 41. Ra4 Rg7 42. Bd6 Rh7 43. Kf2 a6 44. Rb4 Rb7 45. Rd4 Rg7 46. Kg3 Kf6 47. Rd1 Rh7 48. Re1 Be6 49. Be5+ Kf7 50. Bc7 Rh8 51. Rd1 Rh3+ 52. Kg2 Rh8 53. Bg3 Bf5 54. Rd4 Re8 55. Kf2 Bb1 56. a3 Bc2 57. Rb4 Bd3 58. Bd6 Re2+ 59. Kg3 Re3 60. Kf2 Re2+ 61. Kg3 Re3 62. Kf2 1/2-1/2

[Event "EYCC 2017"]
[Site "Mamaia"]
[Date "2017.09.06"]
[Round "2"]
[White "Gharibyan, Mamikon"]
[Black "Carlsson, Ludvig"]
[Result "1/2-1/2"]
[ECO "E12"]
[WhiteElo "2365"]
[BlackElo "2154"]
[Annotator "NA"]
[PlyCount "92"]
[EventDate "2017.??.??"]
[EventType "swiss"]
[EventCountry "ROU"]
[SourceTitle "playchess.com"]
[Source "ChessBase"]
[SourceQuality "1"]
[TimeControl "40/5400+30:1800+30"]

1. d4 Nf6 2. Nf3 e6 3. c4 b6 4. a3 Bb7 5. Nc3 d5 6. Bg5 Be7 7. e3 O-O 8. Rc1 h6 9. Bh4 Ne4 10. Bxe7 Qxe7 11. cxd5 exd5 12. Bd3 Nd7 13. O-O f5 14. Ne2 c6 15. Nf4 Qd6 16. Ne5 Nxe5 17. dxe5 Qxe5 18. Ng6 Qxb2 19. Nxf8 Rxf8 20. a4 c5 21. a5 Qe5 22. axb6 axb6 23. f3 Nd6 24. Re1 Re8 25. Qd2 Kh8 26. Qf2 c4 27. Bc2 b5 28. Qd2 Ra8 29. Qd4 Qxd4 30. exd4 b4 31. Rb1 b3 32. Bxb3 cxb3 33. Rxb3 Rd8 34. Re6 Rd7 35. Rxd6 Rxd6 36. Rxb7 Kh7 37. Re7 Kg6 38. Re5 Kf6 39. h4 g6 40. Kf2 g5 41. h5 Rd8 42. Ke2 Rd6 43. Kd3 f4 44. Ke2 Re6 45. Rxe6+ Kxe6 46. Kd3 Kd6 {[%emt 0:00:04] Ke4 Ke5+} 1/2-1/2

[Event "EYCC 2017"]
[Site "Mamaia"]
[Date "2017.09.06"]
[Round "2"]
[White "Engel, Luis"]
[Black "Ileana, George"]
[Result "0-1"]
[ECO "B52"]
[WhiteElo "2363"]
[BlackElo "2219"]
[Annotator "NA"]
[PlyCount "130"]
[EventDate "2017.??.??"]
[EventType "swiss"]
[EventCountry "ROU"]
[SourceTitle "playchess.com"]
[Source "ChessBase"]
[SourceQuality "1"]
[TimeControl "40/5400+30:1800+30"]

1. e4 c5 2. Nf3 d6 3. Bb5+ Bd7 4. Bxd7+ Qxd7 5. O-O Nf6 6. Re1 Nc6 7. d4 cxd4 8. Nxd4 g6 9. Nxc6 Qxc6 10. Nc3 Bg7 11. Nd5 Rc8 12. c3 h6 13. Bf4 e5 14. Nxf6+ Bxf6 15. Be3 Bg5 16. Qd2 Bxe3 17. Qxe3 Qb6 18. Qh3 O-O 19. Re2 Kg7 20. Rd2 Rc4 21. Qd3 Rc6 22. Rad1 Qc5 23. Qc2 b5 24. Qb3 a6 25. Rd5 Qb6 26. R1d2 Rb8 27. a3 Qc7 28. g3 Rbb6 29. Kg2 Rc5 30. Qd1 Rxd5 31. Rxd5 a5 32. Qd3 Qc4 33. b4 axb4 34. Qxc4 bxc4 35. axb4 f5 36. Kf3 Kf6 37. Ke3 Ke6 38. f4 Rc6 39. Ra5 Rc8 40. Ra6 fxe4 41. Kxe4 exf4 42. Kxf4 Rf8+ 43. Ke3 Ke5 44. Ra5+ d5 45. Ra1 g5 46. b5 d4+ 47. cxd4+ Kd5 48. b6 Re8+ 49. Kd2 Kxd4 50. Rc1 Rf8 51. Ke2 Rb8 52. Rb1 c3 53. Rd1+ Kc4 54. Rd6 Kb3 55. Rxh6 c2 56. Rc6 Kb2 57. Kf3 c1=Q 58. Rxc1 Kxc1 59. Kg4 Kd2 60. Kxg5 Ke3 61. h4 Ke4 62. h5 Ke5 63. Kg6 Rxb6+ 64. Kg7 Kf5 65. h6 Rb7+ 0-1

[Event "EYCC 2017"]
[Site "Mamaia"]
[Date "2017.09.06"]
[Round "2"]
[White "Gavrilescu, David"]
[Black "Makarian, Rudik"]
[Result "0-1"]
[ECO "E12"]
[WhiteElo "2346"]
[BlackElo "2146"]
[Annotator "NA"]
[PlyCount "82"]
[EventDate "2017.??.??"]
[EventType "swiss"]
[EventCountry "ROU"]
[SourceTitle "playchess.com"]
[Source "ChessBase"]
[SourceQuality "1"]
[TimeControl "40/5400+30:1800+30"]

1. d4 Nf6 2. Nf3 b6 3. c4 e6 4. a3 Bb7 5. Nc3 d5 6. Bg5 Be7 7. Qb3 Nbd7 8. Rd1 dxc4 9. Qxc4 O-O 10. e3 Rc8 11. Be2 c5 12. Qa4 a6 13. dxc5 b5 14. Qb3 Nxc5 15. Qa2 Nd5 16. Bxe7 Qxe7 17. Nb1 Na4 18. Nd4 e5 19. Nf5 Qf6 20. Bd3 e4 21. Bxe4 Ndc3 22. Nxc3 Nxc3 23. bxc3 Bxe4 24. Nd4 Bxg2 25. Rg1 Be4 26. Rg4 Rfe8 27. a4 Bf3 28. Nxf3 Qxf3 29. Rg3 Rxe3+ 30. fxe3 Qh1+ 31. Kf2 Qxd1 32. Rf3 Qd7 33. axb5 axb5 34. Qb3 h6 35. Rf4 Re8 36. Qa2 Re7 37. Rf3 Qd3 38. Qe2 Qd5 39. Rf4 Ra7 40. c4 Qh1 41. cxb5 Ra2 0-1

[Event "EYCC 2017"]
[Site "Mamaia"]
[Date "2017.09.06"]
[Round "2"]
[White "Zachary, Matheo"]
[Black "Lomandong, Marc-Antoine"]
[Result "1-0"]
[ECO "C49"]
[WhiteElo "2325"]
[BlackElo "2121"]
[Annotator "NA"]
[PlyCount "79"]
[EventDate "2017.??.??"]
[EventType "swiss"]
[EventCountry "ROU"]
[SourceTitle "playchess.com"]
[Source "ChessBase"]
[SourceQuality "1"]
[TimeControl "40/5400+30:1800+30"]

1. e4 e5 2. Nf3 Nc6 3. Nc3 Nf6 4. Bb5 Bb4 5. d3 d6 6. O-O O-O 7. Ne2 a6 8. Ba4 b5 9. Bb3 Bg4 10. Ng3 a5 11. c3 Bc5 12. h3 a4 13. Bc2 Bxf3 14. Qxf3 b4 15. a3 b3 16. Bd1 d5 17. Bg5 d4 18. c4 h6 19. Bd2 Ra6 20. Nf5 Ne7 21. g4 Nxf5 22. gxf5 Nh7 23. Qg3 Be7 24. f4 Bh4 25. Qg4 h5 26. Qg2 exf4 27. Bxf4 g5 28. Bxh5 Rh6 29. Bf3 Kh8 30. Bh2 g4 31. Bxg4 Rg8 32. e5 Ng5 33. Kh1 Nxh3 34. Qxh3 Bg5 35. Qf3 Kg7 36. Rg1 Be3 37. Rg2 Rgh8 38. Rf1 Qe8 39. Qd5 c6 40. f6+ 1-0

[Event "EYCC 2017"]
[Site "Mamaia"]
[Date "2017.09.06"]
[Round "2"]
[White "Van Dael, Siem"]
[Black "Minko, Dmitry"]
[Result "1-0"]
[ECO "C50"]
[WhiteElo "2319"]
[BlackElo "2091"]
[Annotator "NA"]
[PlyCount "143"]
[EventDate "2017.??.??"]
[EventType "swiss"]
[EventCountry "ROU"]
[SourceTitle "playchess.com"]
[Source "ChessBase"]
[SourceQuality "1"]
[TimeControl "40/5400+30:1800+30"]

1. e4 e5 2. Nf3 Nc6 3. Bc4 Bc5 4. d3 Nf6 5. Nc3 d6 6. Bg5 h6 7. Bxf6 Qxf6 8. Nd5 Qd8 9. c3 Bg4 10. h3 Bh5 11. b4 Bb6 12. a4 a6 13. Nxb6 cxb6 14. g4 Bg6 15. Nd2 Ne7 16. Qf3 O-O 17. O-O Qd7 18. Bb3 b5 19. axb5 axb5 20. Qe3 Rxa1 21. Rxa1 Rc8 22. Ra3 Kh8 23. Ba2 f6 24. Qf3 Bh7 25. Nf1 Bg8 26. Bxg8 Kxg8 27. Ne3 Qd8 28. Qe2 Kh7 29. Qa2 Rc6 30. Qf7 Rc7 31. Qe6 Rc6 32. Qf7 Rc7 33. Nd5 Nxd5 34. Qxd5 Qc8 35. Qb3 h5 36. f3 hxg4 37. hxg4 Kg6 38. Kg2 Rc6 39. Kg3 Rc7 40. Qb2 Kf7 41. Qa1 Qh8 42. Qc1 Qc8 43. Qd2 Ke7 44. Qa2 Qh8 45. Kg2 Qh6 46. Qc2 Qe3 47. Ra5 Qb6 48. Qb3 Qe3 49. Qc2 Qb6 50. Qd2 Qc6 51. Ra3 Qb6 52. g5 Rc8 53. Ra1 Rh8 54. Rh1 Qd8 55. Qe1 Qc8 56. Rxh8 Qxh8 57. Qg3 Qh7 58. Qg4 Qg6 59. gxf6+ Qxf6 60. Kg3 g5 61. Kg2 Kd8 62. c4 bxc4 63. dxc4 Kc7 64. Qf5 Qxf5 65. exf5 Kd7 66. Kg3 Ke7 67. Kg4 Kf6 68. c5 d5 69. b5 Ke7 70. f6+ Kxf6 71. c6 bxc6 72. b6 1-0

[Event "EYCC 2017"]
[Site "Mamaia"]
[Date "2017.09.06"]
[Round "2"]
[White "Harutyunyan, Ruben"]
[Black "Sjoberg, Isak"]
[Result "1-0"]
[ECO "A56"]
[WhiteElo "2300"]
[BlackElo "2078"]
[Annotator "NA"]
[PlyCount "82"]
[EventDate "2017.??.??"]
[EventType "swiss"]
[EventCountry "ROU"]
[SourceTitle "playchess.com"]
[Source "ChessBase"]
[SourceQuality "1"]
[TimeControl "40/5400+30:1800+30"]

1. d4 Nf6 2. c4 c5 3. e3 e6 4. Nc3 cxd4 5. exd4 Bb4 6. Bd3 b6 7. Nf3 Bb7 8. O-O O-O 9. Qe2 Bxc3 10. bxc3 d6 11. Rd1 Nbd7 12. Bg5 Qc7 13. Nd2 Rac8 14. Rab1 d5 15. c5 bxc5 16. Qf3 cxd4 17. cxd4 Ne4 18. Nxe4 dxe4 19. Bxe4 Bxe4 20. Qxe4 Nb6 21. Qg4 Nd5 22. h4 Kh8 23. Rbc1 Qd6 24. Rxc8 Rxc8 25. Qf3 Kg8 26. Rb1 h6 27. Bd2 Nb6 28. Qb7 Rc7 29. Qa6 Qxd4 30. Be3 Qe4 31. Rd1 Nd5 32. Qd3 Qxh4 33. Rb1 g6 34. Rb8+ Kh7 35. g3 Qg4 36. Qd4 Rc1+ 37. Kg2 Nxe3+ 38. Qxe3 Qd1 39. g4 Qh1+ 40. Kg3 Rg1+ 41. Kf4 Qh2+ 1-0

[Event "EYCC 2017"]
[Site "Mamaia"]
[Date "2017.09.06"]
[Round "2"]
[White "Dobrovoljc, Vid"]
[Black "Haldorsen, Benjamin"]
[Result "1/2-1/2"]
[ECO "A06"]
[WhiteElo "2293"]
[BlackElo "2397"]
[Annotator "NA"]
[PlyCount "114"]
[EventDate "2017.??.??"]
[EventType "swiss"]
[EventCountry "ROU"]
[SourceTitle "playchess.com"]
[Source "ChessBase"]
[SourceQuality "1"]
[TimeControl "40/5400+30:1800+30"]

1. Nf3 d5 2. g3 Nc6 3. d4 Bg4 4. Bg2 Qd7 5. c4 dxc4 6. d5 O-O-O 7. Nc3 Bxf3 8. Bxf3 Ne5 9. Bg2 e6 10. Qd4 Nc6 11. Qxc4 Nb4 12. Qb3 Nf6 13. dxe6 Qxe6 14. Qxe6+ fxe6 15. O-O e5 16. a3 Nc2 17. Rb1 Nd4 18. b4 Kb8 19. e3 Nf5 20. Bb2 Nd6 21. Rfd1 Be7 22. Bf1 Rhe8 23. Na4 Bf8 24. Nc5 Nd7 25. Rbc1 Nxc5 26. bxc5 Ne4 27. c6 Nd2 28. cxb7 e4 29. Bg2 Kxb7 30. Bd4 Nf3+ 31. Bxf3 exf3 32. Rb1+ Ka8 33. Rdc1 Rb8 34. h4 Rxb1 35. Rxb1 c5 36. Bc3 Rd8 37. Kh2 h5 38. g4 Bd6+ 39. Kh3 g6 40. Rd1 Kb7 41. Bf6 Rd7 42. e4 Kc6 43. Rd3 c4 44. Rxf3 Bc5 45. gxh5 gxh5 46. Kg3 Rd3 47. Rxd3 cxd3 48. Kf3 Bxa3 49. Ke3 Bc5+ 50. Kxd3 Bxf2 51. Ke2 Bg1 52. Bc3 Kd6 53. Kf3 Bh2 54. Bb4+ Ke6 55. Be1 Be5 56. Ke3 Kd7 57. Kf3 Kc6 1/2-1/2

[Event "EYCC 2017"]
[Site "Mamaia"]
[Date "2017.09.06"]
[Round "2"]
[White "Murzin, Volodar"]
[Black "Zhukov, Ivan"]
[Result "1-0"]
[ECO "A05"]
[WhiteElo "2280"]
[BlackElo "1893"]
[Annotator "NA"]
[PlyCount "51"]
[EventDate "2017.??.??"]
[EventType "swiss"]
[EventCountry "ROU"]
[SourceTitle "playchess.com"]
[Source "ChessBase"]
[SourceQuality "1"]
[TimeControl "40/5400+30:1800+30"]

1. Nf3 Nf6 2. g3 g6 3. Bg2 Bg7 4. O-O O-O 5. c4 d6 6. Nc3 Nc6 7. d3 a6 8. Rb1 Rb8 9. b4 b5 10. cxb5 axb5 11. a4 bxa4 12. Qxa4 Bb7 13. b5 Ra8 14. bxc6 Rxa4 15. cxb7 Nd7 16. Nxa4 c6 17. Be3 Nb8 18. Nb6 Qc7 19. Nc8 e5 20. Rfc1 f5 21. Ng5 Qd7 22. Ba7 Bh6 23. Bxb8 Bxg5 24. Bxd6 Bxc1 25. b8=Q Rxc8 26. Qb3+ 1-0

[Event "EYCC 2017"]
[Site "Mamaia"]
[Date "2017.09.06"]
[Round "2"]
[White "Maltsevskaya, Aleksandra"]
[Black "Sosa Suarez, Carla Cristina"]
[Result "1-0"]
[ECO "A13"]
[WhiteElo "2271"]
[BlackElo "1930"]
[Annotator "NA"]
[PlyCount "109"]
[EventDate "2017.??.??"]
[EventType "swiss"]
[EventCountry "ROU"]
[SourceTitle "playchess.com"]
[Source "ChessBase"]
[SourceQuality "1"]
[TimeControl "40/5400+30:1800+30"]

1. c4 e6 2. g3 Nf6 3. Bg2 d5 4. Nf3 Be7 5. d4 c6 6. Nbd2 O-O 7. O-O b6 8. Qc2 Bb7 9. e4 Na6 10. cxd5 cxd5 11. e5 Rc8 12. Qd1 Nd7 13. a3 b5 14. b4 Nb6 15. Nb3 Nc4 16. Ne1 Rc6 17. Nd3 f6 18. f4 Qb6 19. Ndc5 Nb8 20. exf6 Bxf6 21. Nxb7 Qxb7 22. f5 Nd7 23. Qg4 Re8 24. Qh5 Qc8 25. fxe6 Rcxe6 26. Bxd5 Ndb6 27. Bxe6+ Qxe6 28. Qf5 Qd6 29. Bf4 Bxd4+ 30. Nxd4 Qxd4+ 31. Kh1 Qe4+ 32. Qxe4 Rxe4 33. Rae1 Rxe1 34. Rxe1 Kf7 35. Bb8 a6 36. Ba7 Nd7 37. Bc5 Nde5 38. Rf1+ Ke6 39. Rf8 Nd3 40. Re8+ Kf7 41. Re7+ Kg8 42. Bd4 g6 43. Rg7+ Kf8 44. Rxh7 Nxa3 45. Ra7 Nc2 46. Rxa6 Nxd4 47. Rd6 Nf2+ 48. Kg2 Nf5 49. Rf6+ Ke7 50. Rxf5 Nd3 51. Rxb5 Kf6 52. Kf3 Ke6 53. Ke3 Nb2 54. Ke4 Nc4 55. Rd5 {Kxd5+} 1-0

[Event "EYCC 2017"]
[Site "Mamaia"]
[Date "2017.09.06"]
[Round "2"]
[White "Afonasieva, Anna"]
[Black "Bucur, Denisa-Andreea"]
[Result "1-0"]
[ECO "A46"]
[WhiteElo "2263"]
[BlackElo "1916"]
[Annotator "NA"]
[PlyCount "61"]
[EventDate "2017.??.??"]
[EventType "swiss"]
[EventCountry "ROU"]
[SourceTitle "playchess.com"]
[Source "ChessBase"]
[SourceQuality "1"]
[TimeControl "40/5400+30:1800+30"]

1. d4 Nf6 2. Nf3 e6 3. g3 b5 4. Bg2 Bb7 5. O-O c5 6. c3 Be7 7. Bg5 O-O 8. a4 cxd4 9. axb5 dxc3 10. Nxc3 d5 11. Be3 a6 12. Qb3 Nbd7 13. Rfc1 Ng4 14. Bd4 e5 15. Nxe5 Ngxe5 16. Nxd5 Rb8 17. bxa6 Bxa6 18. Qe3 Bg5 19. f4 Re8 20. Rxa6 Nc6 21. Raxc6 Rxe3 22. Bxe3 Bf6 23. Nxf6+ gxf6 24. Ba7 Ra8 25. Rc7 Rxa7 26. Rc8 Qxc8 27. Rxc8+ Kg7 28. Kf2 Ra2 29. b3 Rb2 30. Rc7 Nb6 31. Rb7 1-0

[Event "EYCC 2017"]
[Site "Mamaia"]
[Date "2017.09.06"]
[Round "2"]
[White "Sieber, Fiona"]
[Black "Asatryan, Sona"]
[Result "0-1"]
[ECO "C96"]
[WhiteElo "2248"]
[BlackElo "2043"]
[Annotator "NA"]
[PlyCount "94"]
[EventDate "2017.??.??"]
[EventType "swiss"]
[EventCountry "ROU"]
[SourceTitle "playchess.com"]
[Source "ChessBase"]
[SourceQuality "1"]
[TimeControl "40/5400+30:1800+30"]

1. e4 e5 2. Nf3 Nc6 3. Bb5 a6 4. Ba4 Nf6 5. O-O Be7 6. Re1 b5 7. Bb3 d6 8. c3 O-O 9. h3 Na5 10. Bc2 c5 11. d4 Nd7 12. Nbd2 exd4 13. cxd4 Nc6 14. d5 Nce5 15. Nxe5 Nxe5 16. a4 Rb8 17. f4 Ng6 18. Nf3 Bh4 19. Rf1 Bg3 20. f5 Ne5 21. Ng5 h6 22. f6 gxf6 23. Ra3 Bh2+ 24. Kxh2 hxg5 25. Rg3 Kg7 26. Kg1 Rh8 27. Rf2 Bd7 28. Bd2 Qe7 29. axb5 axb5 30. b3 b4 31. Bc1 Rh7 32. Bd3 Ra8 33. Bb2 Rh6 34. Qf1 Rah8 35. Bb5 Bc8 36. Qe2 Kf8 37. Rf1 Rh4 38. Ra1 g4 39. Ra8 Qb7 40. Bxe5 Qxa8 41. Bxd6+ Kg8 42. Bxc5 Qa1+ 43. Kh2 Qe5 44. Bxb4 Rxh3+ 45. gxh3 Rxh3+ 46. Kg1 Qxg3+ 47. Qg2 Qe3+ 0-1

[Event "EYCC 2017"]
[Site "Mamaia"]
[Date "2017.09.06"]
[Round "2"]
[White "Kubicka, Anna"]
[Black "Hrescak, Ivana"]
[Result "1-0"]
[ECO "B90"]
[WhiteElo "2221"]
[BlackElo "2034"]
[Annotator "NA"]
[PlyCount "111"]
[EventDate "2017.??.??"]
[EventType "swiss"]
[EventCountry "ROU"]
[SourceTitle "playchess.com"]
[Source "ChessBase"]
[SourceQuality "1"]
[TimeControl "40/5400+30:1800+30"]

1. e4 c5 2. Nf3 d6 3. d4 cxd4 4. Nxd4 Nf6 5. Nc3 a6 6. Be3 e5 7. Nb3 Be6 8. h3 h5 9. f4 Qc7 10. Qd2 Nbd7 11. O-O-O b5 12. Kb1 Be7 13. f5 Bc4 14. Bxc4 bxc4 15. Nc1 Qb7 16. Bg5 Rb8 17. b3 a5 18. Rhe1 Qb4 19. Bxf6 Nxf6 20. Nd5 Nxd5 21. Qxd5 O-O 22. Qd2 c3 23. Qe3 Rfc8 24. Rd5 a4 25. Nd3 Qb7 26. b4 a3 27. Ka1 Rc4 28. Rb1 Bd8 29. Rb3 Ra8 30. Qe1 Qc7 31. Qe2 Ra4 32. g4 hxg4 33. Qxg4 Qb6 34. Rb1 Bf6 35. Qe2 Qc6 36. Qg2 Kf8 37. Qg4 Ke7 38. Qg2 Ra8 39. Rb3 Qb6 40. Qe2 Qc7 41. Nc5 Rd4 42. Rxd4 exd4 43. Nd3 Qc4 44. b5 Rb8 45. Rb4 Qc8 46. Nf4 Qc5 47. Nd5+ Kd8 48. b6 Be5 49. Qd3 Qa5 50. Qf1 Rb7 51. h4 Kc8 52. f6 Bxf6 53. Qf5+ Kd8 54. Rc4 Rb8 55. b7 Ke8 56. Nxf6+ 1-0

[Event "EYCC 2017"]
[Site "Mamaia"]
[Date "2017.09.06"]
[Round "2"]
[White "Tsvetkov, Andrey"]
[Black "Stalmach, Richard"]
[Result "1-0"]
[ECO "A80"]
[WhiteElo "2219"]
[BlackElo "1888"]
[Annotator "NA"]
[PlyCount "63"]
[EventDate "2017.??.??"]
[EventType "swiss"]
[EventCountry "ROU"]
[SourceTitle "playchess.com"]
[Source "ChessBase"]
[SourceQuality "1"]
[TimeControl "40/5400+30:1800+30"]

1. d4 f5 2. Nf3 Nf6 3. g3 g6 4. c4 Bg7 5. b4 d6 6. Bb2 O-O 7. Bg2 c6 8. O-O b6 9. Qb3 Kh8 10. Nbd2 Be6 11. d5 Bd7 12. Nd4 Qc8 13. b5 c5 14. Ne6 Rg8 15. e4 fxe4 16. Nxe4 Be8 17. Nxg7 Kxg7 18. Bxf6+ exf6 19. Nxd6 Qd8 20. Nxe8+ Rxe8 21. d6 Nd7 22. Bxa8 Qxa8 23. f4 Qe4 24. Qc3 Qf5 25. Rae1 Re6 26. Rxe6 Qxe6 27. Qd3 h6 28. Rf2 h5 29. Re2 Qg4 30. Re7+ Kh6 31. f5 Ne5 32. Rxe5 1-0

[Event "EYCC 2017"]
[Site "Mamaia"]
[Date "2017.09.06"]
[Round "2"]
[White "Goltseva, Ekaterina"]
[Black "Ayan, Bengu Sena"]
[Result "1-0"]
[ECO "D10"]
[WhiteElo "2214"]
[BlackElo "1905"]
[Annotator "NA"]
[PlyCount "81"]
[EventDate "2017.??.??"]
[EventType "swiss"]
[EventCountry "ROU"]
[SourceTitle "playchess.com"]
[Source "ChessBase"]
[SourceQuality "1"]
[TimeControl "40/5400+30:1800+30"]

1. d4 d5 2. c4 c6 3. cxd5 cxd5 4. Bf4 Nf6 5. Nc3 Nc6 6. e3 a6 7. Be2 e6 8. Rc1 Be7 9. h3 Bd7 10. Nf3 O-O 11. O-O Qb6 12. Rb1 Rac8 13. Ne5 Rfd8 14. Bg5 h6 15. Bh4 Be8 16. f4 Qc7 17. Rc1 Ne4 18. Bxe7 Qxe7 19. Bd3 Nxe5 20. fxe5 Qg5 21. Rf4 f5 22. Bxe4 dxe4 23. Qb3 Bf7 24. Rcf1 Rd7 25. Kh2 Rf8 26. Na4 Qe7 27. Nb6 Rdd8 28. Nc4 g5 29. R4f2 b5 30. Nd6 Rxd6 31. exd6 Qxd6+ 32. Kh1 Qg3 33. d5 Re8 34. Qc3 b4 35. Qc6 Qxe3 36. dxe6 Rxe6 37. Qc8+ Re8 38. Qxf5 Rf8 39. Qe5 Re8 40. Qf6 Rf8 41. Qe7 1-0

[Event "EYCC 2017"]
[Site "Mamaia"]
[Date "2017.09.06"]
[Round "2"]
[White "Oglaza, Oskar"]
[Black "Anghel, Iulian-Mihai"]
[Result "1-0"]
[ECO "B12"]
[WhiteElo "2198"]
[BlackElo "1885"]
[Annotator "NA"]
[PlyCount "55"]
[EventDate "2017.??.??"]
[EventType "swiss"]
[EventCountry "ROU"]
[SourceTitle "playchess.com"]
[Source "ChessBase"]
[SourceQuality "1"]
[TimeControl "40/5400+30:1800+30"]

1. e4 c6 2. d4 d5 3. e5 Bf5 4. Nc3 e6 5. g4 Bg6 6. Nge2 c5 7. h4 h5 8. Nf4 Bh7 9. Nxh5 Nc6 10. dxc5 Bxc5 11. Bd3 Bxd3 12. Qxd3 Qc7 13. Nxg7+ Kf8 14. Nh5 Qxe5+ 15. Kf1 Nb4 16. Qb5 Qc7 17. Bf4 Qb6 18. Qe2 Bd6 19. Rd1 Bxf4 20. Nxf4 Qd6 21. Nd3 Nxd3 22. Rxd3 Nf6 23. Rhh3 Qb4 24. Qe5 Rh6 25. g5 Ng4 26. Qd4 Qxd4 27. Rxd4 Nxf2 28. Kxf2 1-0

[Event "EYCC 2017"]
[Site "Mamaia"]
[Date "2017.09.06"]
[Round "2"]
[White "Martinovici, Ilie"]
[Black "Parkhov, Yair"]
[Result "1/2-1/2"]
[ECO "E32"]
[WhiteElo "2197"]
[BlackElo "2391"]
[Annotator "NA"]
[PlyCount "38"]
[EventDate "2017.??.??"]
[EventType "swiss"]
[EventCountry "ROU"]
[SourceTitle "playchess.com"]
[Source "ChessBase"]
[SourceQuality "1"]
[TimeControl "40/5400+30:1800+30"]

1. d4 Nf6 2. c4 e6 3. Nc3 Bb4 4. Qc2 O-O 5. a3 Bxc3+ 6. Qxc3 d6 7. g3 e5 8. Bg2 Re8 9. dxe5 dxe5 10. Nf3 Nc6 11. Be3 a5 12. b3 Qe7 13. O-O Bf5 14. Rfd1 Ng4 15. Nh4 Bc8 16. Nf3 Bf5 17. Nh4 Bc8 18. Nf3 h6 19. Bd2 Bf5 1/2-1/2

[Event "EYCC 2017"]
[Site "Mamaia"]
[Date "2017.09.06"]
[Round "2"]
[White "Rozman, Monika"]
[Black "Szucs, Edina"]
[Result "1-0"]
[ECO "C55"]
[WhiteElo "2194"]
[BlackElo "2023"]
[Annotator "NA"]
[PlyCount "87"]
[EventDate "2017.??.??"]
[EventType "swiss"]
[EventCountry "ROU"]
[SourceTitle "playchess.com"]
[Source "ChessBase"]
[SourceQuality "1"]
[TimeControl "40/5400+30:1800+30"]

1. e4 e5 2. Nf3 Nc6 3. Bc4 Nf6 4. d3 Be7 5. O-O d6 6. c3 O-O 7. Bb3 Na5 8. Bc2 c5 9. Nbd2 Nc6 10. Re1 Re8 11. a4 Bf8 12. Nf1 g6 13. Bg5 h6 14. Bh4 Bg7 15. Ne3 g5 16. Bg3 d5 17. exd5 Nxd5 18. Nxd5 Qxd5 19. d4 cxd4 20. Nxd4 Nxd4 21. cxd4 e4 22. Bb3 Qd8 23. Qh5 Be6 24. d5 Bf5 25. d6 Qd7 26. Qe2 Be6 27. Bxe6 Qxe6 28. Rad1 f5 29. h4 Rad8 30. hxg5 hxg5 31. Bh2 f4 32. Qb5 Qg4 33. f3 Qh4 34. Qd5+ Kh8 35. Rxe4 g4 36. fxg4 Rxe4 37. Qxe4 Qxg4 38. Rd3 Qg5 39. Bxf4 Qc5+ 40. Kh1 b6 41. Rh3+ Kg8 42. Qe6+ Kf8 43. Rh8+ Bxh8 44. Bh6+ 1-0

[Event "EYCC 2017"]
[Site "Mamaia"]
[Date "2017.09.06"]
[Round "2"]
[White "Gorshtein, Ido"]
[Black "Pultinevicius, Paulius"]
[Result "0-1"]
[ECO "C77"]
[WhiteElo "2189"]
[BlackElo "2381"]
[Annotator "NA"]
[PlyCount "68"]
[EventDate "2017.??.??"]
[EventType "swiss"]
[EventCountry "ROU"]
[SourceTitle "playchess.com"]
[Source "ChessBase"]
[SourceQuality "1"]
[TimeControl "40/5400+30:1800+30"]

1. e4 e5 2. Nf3 Nc6 3. Bb5 a6 4. Ba4 Nf6 5. Qe2 b5 6. Bb3 Bc5 7. O-O O-O 8. d3 Re8 9. c3 h6 10. Nbd2 Bb7 11. Kh1 Bf8 12. Rd1 d5 13. Nf1 Na5 14. Bc2 c5 15. Ng3 Qc7 16. Nh4 g6 17. Qf3 Re6 18. Ngf5 gxf5 19. Nxf5 dxe4 20. Qg3+ Kh7 21. Qh4 Ng8 22. dxe4 Rg6 23. Rd3 Nc6 24. Rf3 Rd8 25. g4 Rd7 26. g5 Nd8 27. Qh5 Ne6 28. Nh4 Nxg5 29. Rxf7+ Rxf7 30. Qxg6+ Kh8 31. Bxg5 hxg5 32. Nf5 Rf6 33. Qxg5 Qh7 34. f3 Rg6 0-1

[Event "EYCC 2017"]
[Site "Mamaia"]
[Date "2017.09.06"]
[Round "2"]
[White "Gueci, Tea"]
[Black "Avetisyan, Mariam"]
[Result "1/2-1/2"]
[ECO "C05"]
[WhiteElo "2181"]
[BlackElo "1976"]
[Annotator "NA"]
[PlyCount "77"]
[EventDate "2017.??.??"]
[EventType "swiss"]
[EventCountry "ROU"]
[SourceTitle "playchess.com"]
[Source "ChessBase"]
[SourceQuality "1"]
[TimeControl "40/5400+30:1800+30"]

1. e4 e6 2. d4 d5 3. Nd2 Nf6 4. e5 Nfd7 5. Ngf3 c5 6. c3 Nc6 7. Bd3 Be7 8. O-O a5 9. a4 cxd4 10. cxd4 Nb4 11. Be2 O-O 12. Nb1 b6 13. Nc3 Ba6 14. Nb5 Rc8 15. Bd2 Nb8 16. Bc3 N8c6 17. Re1 Qd7 18. Bf1 Na7 19. Bxb4 Bxb4 20. Nd6 Bxf1 21. Nxc8 Bxe1 22. Nxa7 Ba6 23. Qxe1 Qxa7 24. Rc1 Qd7 25. b3 Rc8 26. Nd2 Bd3 27. h3 h6 28. Qd1 Rc7 29. Nf1 Bxf1 30. Kxf1 Qc8 31. Rxc7 Qxc7 32. Qd2 Qe7 33. Ke2 Qa3 34. Qc3 Qa2+ 35. Ke3 Qb1 36. Qd3 Qc1+ 37. Qd2 Qb1 38. Qd3 Qc1+ 39. Qd2 1/2-1/2